 Dungeon Crawl Stone Soup version 0.27-a0-1101-ge311f74bc8 (webtiles) character file.

Game seed: 1770251714451509672

79 robertstho the Magician (level 4, -6/31 HPs)
             Began as a Djinni Fire Elementalist on Apr 28, 2021.
             Killed from afar by Sigmund (9 damage)
             ... with a magic dart
             ... on level 2 of the Dungeon.
             The game lasted 00:04:27 (2380 turns).

robertstho the Magician (Djinni Fire Elementalist)  Turns: 2380, Time: 00:04:28

Health: -6/31      AC:  3    Str:  7    XL:     4   Next: 38%
Gold:   30         EV: 12    Int: 18    God:
                   SH:  0    Dex: 13

rFire    + + .     SeeInvis .   e - +2 trident (vorpal)
rCold    x . .     Faith    .   (no shield)
rNeg     . . .     Spirit   .   a - +0 robe
rPois    ∞         Reflect  .   c - +0 helmet
rElec    .         Harm     .   (no cloak)
rCorr    .         Rampage  .   (no gloves)
Will     .....                  (boots unavailable)
Stlth    ++........             (no amulet)
HPRegen  0.10/turn              (no ring)
MPRegen  0.00/turn              (no ring)

@: flying, hasted, very quick
A: fire resistance 2, cold vulnerability 1, float, innate caster, hp casting,
extra vitality 1
a: no special abilities


You were on level 2 of the Dungeon.
You visited 1 branch of the dungeon, and saw 2 of its levels.

You collected 30 gold pieces.

Inventory:

Hand Weapons
 d - a +0 hand axe
 e - a +2 vorpal trident (weapon)
Armour
 a - a +0 robe (worn)
 c - a +0 helmet (worn)
Jewellery
 h - a ring of poison resistance
Potions
 b - a potion of haste


   Skills:
 + Level 2.4 Dodging
 + Level 2.2 Stealth
 + Level 4.0 Spellcasting


You couldn't memorise any spells.
You knew the following spells:

 Your Spells              Type           Power      Damage    Failure   Level
a - Foxfire               Conj/Fire      72%        2x1d7     2%          1
b - Conjure Flame         Conj/Fire      18%        6-21      9%          3
c - Inner Flame           Hex/Fire       18%        N/A       9%          3
d - Sticky Flame          Conj/Fire      18%        2d4       28%         4
e - Fireball              Conj/Fire      9%         3d6       61%         5
f - Apportation           Tloc           36%        N/A       2%          1
Your spell library was empty.

Dungeon Overview and Level Annotations

Branches:
Dungeon (2/15)

Altars:
Makhleb

Annotations:
D:2 Sigmund


Innate Abilities, Weirdness & Mutations

You are immune to poison.
Your flesh is very heat resistant. (rF++)
You are vulnerable to cold. (rC-)
You float through the air rather than walking.
You learn spells naturally, not from books.
Your magical power is your life essence.
You have superior vitality. (+4 HP)


Message History

Sigmund is moderately wounded.
The foxfire hits Sigmund.
Sigmund is moderately wounded.
Sigmund barely misses you.
Casting: Foxfire (safe; 2% risk of failure)
Press: ? - help, Q - select action, (/) - cycle Dir - look around, f - activate You conjure some foxfire!
The foxfire hits Sigmund.
Sigmund is moderately wounded.
The foxfire hits Sigmund.
Sigmund is heavily wounded.
Sigmund hits you from afar with a +0 scythe!
A goblin comes into view. It is wielding a +2 dagger of venom.
Casting: Foxfire (safe; 2% risk of failure)
Press: ? - help, Q - select action, (/) - cycle Dir - look around, f - activate You conjure some foxfire!
The foxfire hits Sigmund.
Sigmund is heavily wounded.
The foxfire hits Sigmund.
Sigmund is heavily wounded.
Sigmund hits you from afar with a +0 scythe!
* * * LOW HITPOINT WARNING * * *
The goblin throws a stone.
The stone misses you.
It was a potion of flight.
You feel more buoyant.
The foxfire hits Sigmund.
Sigmund is severely wounded.
The foxfire hits Sigmund.
Sigmund is almost dead.
Sigmund says, "Your kind have come here before.
I understand now why.
You desire death..."
Sigmund points at you and mumbles some strange words.
You resist with some effort.
The goblin throws a stone.
The stone hits you but does no damage.
Okay, then.
You aren't carrying any scrolls.
You feel yourself speed up. Sigmund misses you.
The goblin throws a stone.
The stone closely misses you.
Sigmund points at you and mumbles some strange words.
The magic dart hits you!
You die...

#... #.####### #.###
#.#...... .. #.#....#
#.#....#. ## #####
#........ #. ##...##
#@....... ..
#.###.########........
#. #.#
#........@........ ..
#.###.##########....#g
#. ##...## .#.## #.
##.## ### .... #. #.#
...... . ##. #.#
###.#.# #.. #<#
#.#.....# #.. #.#
#.#.#.#.#########†.
#.#
#.#.#....)........#


You could see Sigmund.

Vanquished Creatures
  Robin (D:2)
  2 adders (D:2)
  A worm (D:2)
  2 dart slugs (D:1)
  3 endoplasms
  2 giant cockroaches (D:2)
  3 hobgoblins (D:2)
  6 kobolds
  A quokka (D:1)
  A ball python (D:1)
  3 bats (D:1)
  4 frilled lizards
  11 goblins
  5 rats
45 creatures vanquished.

Vanquished Creatures (others)
  161 foxfires
161 creatures vanquished.

Grand Total: 206 creatures vanquished

Notes
Turn   | Place    | Note
-------+----------+-------------------------------------------
     0 | D:1      | robertstho the Djinni Fire Elementalist began the quest for
                  | the Orb.
     0 | D:1      | Reached XP level 1. HP: 15/15 MP: 0/0
   261 | D:1      | Reached skill level 3 in Spellcasting
   261 | D:1      | Reached XP level 2. HP: 11/21 MP: 0/0
  1317 | D:1      | Found a faded altar of an unknown god.
  1545 | D:2      | Found a burning altar of Makhleb.
  1585 | D:2      | Reached XP level 3. HP: 23/25 MP: 0/0
  1585 | D:2      | Learned a level 1 spell: Apportation
  1892 | D:2      | Noticed Robin
  1951 | D:2      | Reached XP level 4. HP: 16/31 MP: 0/0
  1955 | D:2      | Killed Robin
  2235 | D:2      | Reached skill level 4 in Spellcasting
  2371 | D:2      | Noticed Sigmund
  2380 | D:2      | Killed from afar by Sigmund

Illustrated notes

Levels and vault maps discovered:
D:1:      minmay_arrival_four_loops, layout_loops_ring,
          hellmonk_ecumenical_altar_inner_sanctum, kennysheep_flooded_box
D:2:      layout_loops_ring, serial_shops, shop, basic_altar,
          minmay_misc_feat_diagonals, uniq_robin, uniq_sigmund

Skill      XL: |  1  2  3  4 |
---------------+-------------+-----
Spellcasting   | 3 4 |  4.0
Stealth        | 2 |  2.2
Dodging        | |  2.4

Action                   |  1- 3 |  4- 6 || total
-------------------------+-------+-------++-------
Melee: Hand axe          |       |     2 ||     2
 Cast: Foxfire           |    82 |    25 ||   107
  Use: Potion            |     2 |     3 ||     5
       Scroll            |     2 |       ||     2
Armor: Robe              |     2 |     3 ||     5
Dodge: Dodged            |     7 |     5 ||    12

Table legend: (Time is in decaauts)
 A = Elapsed time spent in this place.
 B = Non-inter-level travel time spent in this place.
 C = Inter-level travel time spent in this place.
 D = Time resting spent in this place.
 E = Time spent auto-exploring this place.
 F = Levels seen in this place.
 G = Mean time per level.
                   A        B        C        D        E       F      G
               +--------+--------+--------+--------+--------+-----+--------+
         Total |   2361 |   2334 |     27 |      0 |   2028 |   2 | 1180.5 |
       Dungeon |   2361 |   2334 |     27 |      0 |   2028 |   2 | 1180.5 |
               +--------+--------+--------+--------+--------+-----+--------+

Top non-repeatable levels by time:
     D:1: 1458 daAuts
     D:2: 902 daAuts
